 Dungeon Crawl Stone Soup version 0.30-a0-779-g7971cf19c3 (webtiles) character file.

Game seed: 6629607746692493311

7 Goldberg the Trooper (level 1, 0/19 HPs)
             Began as a Draconian Fighter on Feb 17, 2023.
             Slain by a goblin
             ... wielding a +0 club
              (1 damage)
             ... on level 1 of the Dungeon.
             The game lasted 00:00:44 (99 turns).

Goldberg the Trooper (Draconian Fighter)              Turns: 99, Time: 00:00:44

Health: 0/19       AC:  4    Str: 18    XL:     1   Next: 91%
Magic:  1/1        EV: 12    Int:  8    God:
Gold:   14         SH:  4    Dex: 10    Spells: 0/0 levels left

rFire   . . .      SeeInvis .    a - +0 trident
rCold   . . .      Faith    .    b - +0 buckler
rNeg    . . .      Spirit   .    (body armour unavailable)
rPois   .          Reflect  .    (helmet restricted)
rElec   .          Harm     +    e - scarf {harm}
rCorr   .          Rampage  .    (no gloves)
Will    .....                    (no boots)
Stlth   +                        (no amulet)
HPRegen 0.23/turn                (no ring)
MPRegen 0.07/turn                (no ring)

@: no status effects
A: AC +4, unfitting armour, cold-blooded
a: no special abilities


You were on level 1 of the Dungeon.
You visited 1 branch of the dungeon, and saw 1 of its levels.

You collected 14 gold pieces.

Inventory:

Hand Weapons
 a - a +0 trident (weapon)
Armour
 b - a +0 buckler (worn)
 e - a scarf of harm (worn)
Scrolls
 d - a scroll of teleportation {unknown}
 f - a scroll of identify {unknown}
Potions
 c - a potion of might


   Skills:
 + Level 3.5 Fighting
 + Level 2.1 Polearms
 + Level 2.8 Dodging
 + Level 3.1 Shields


You couldn't memorise any spells.
You didn't know any spells.
Your spell library was empty.

Dungeon Overview and Level Annotations

Branches:
Dungeon (1/15)

Altars:


Innate Abilities, Weirdness & Mutations

Your plain brown scales are hard. (AC +4)
You cannot fit into any form of body armour.
You are cold-blooded and may be slowed by cold attacks.


Message History

You are frozen.
You feel yourself slow down.
You hit the endoplasm.
The endoplasm is severely wounded.
A giant cockroach comes into view.
The endoplasm misses you.
A frilled lizard comes into view.
The endoplasm misses you.
The ball python bites you but does no damage.
The ball python grabs you. The ball python constricts you.
The frilled lizard hisses angrily.
You hit the ball python.
You kill the ball python!
The endoplasm hits you.
The endoplasm hits you but does no damage.
You hit the endoplasm.
The endoplasm is almost dead.
You feel yourself speed up. The endoplasm freezes you.
You are frozen.
You feel yourself slow down. The goblin hits you but does no damage.
The endoplasm freezes you.
You are frozen.
* * * LOW HITPOINT WARNING * * *
A rat comes into view.
You puncture the endoplasm!
You kill the endoplasm!
The giant cockroach bites you but does no damage.
The goblin hits you but does no damage. You block the giant cockroach's attack.
The giant cockroach attacks as you move away!
The giant cockroach bites you.
* * * LOW HITPOINT WARNING * * *
The goblin hits you but does no damage. x2
The frilled lizard barely misses you.
You hit the giant cockroach.
You kill the giant cockroach!
You feel yourself speed up. The frilled lizard closely misses you.
The goblin hits you with a +0 club.
* * * LOW HITPOINT WARNING * * *
The goblin hits you with a +0 club.
You die...

######## [......# #####
.......#####...#
.>.....#.......###
.......#.....#...### ##.
...................#....
†......#..†...........##
.......#....†...........
.†.....#.[.....†@.......
...............gl.......
##...##)##...#..........
.#...#..######.#r.......
.....#.## ....#######
###.... ##.... ## .....
..... .##..... ......
......


You could see a goblin, a frilled lizard and a rat.

Vanquished Creatures
  2 bats (D:1)
  An endoplasm (D:1)
  A giant cockroach (D:1)
  A hobgoblin (D:1)
  2 ball pythons (D:1)
  A frilled lizard (D:1)
8 creatures vanquished.

Notes
Turn   | Place    | Note
-------+----------+-------------------------------------------
     0 | D:1      | Goldberg the Draconian Fighter began the quest for the Orb.
     0 | D:1      | Reached XP level 1. HP: 19/19 MP: 1/1
    99 | D:1      | Slain by a goblin

Illustrated notes

Levels and vault maps discovered:
D:1:      amcnicky_arrival_blooded_trapdoor, layout_rooms, serial_shops, shop,
          ebering_ecumenical_altar_sacrificial

Action                     || total
---------------------------++-------
  Melee: Trident           ||    21
         Tailslap          ||     1
 Armour: Skin              ||     8
  Dodge: Dodged            ||    11
  Block: Buckler           ||     3

Table legend: (Time is in decaauts)
 A = Elapsed time spent in this place.
 B = Non-inter-level travel time spent in this place.
 C = Inter-level travel time spent in this place.
 D = Time resting spent in this place.
 E = Time spent auto-exploring this place.
 F = Levels seen in this place.
 G = Mean time per level.
                   A        B        C        D        E       F      G
               +--------+--------+--------+--------+--------+-----+--------+
         Total |    106 |    106 |      0 |      0 |     42 |   1 |  106.0 |
       Dungeon |    106 |    106 |      0 |      0 |     42 |   1 |  106.0 |
               +--------+--------+--------+--------+--------+-----+--------+

Top non-repeatable levels by time:
     D:1: 106 daAuts
